 Dungeon Crawl Stone Soup version 0.26.1-2-gb8aa6d0cf2 (webtiles) character file.

Game seed: 11299130838544308845

100 jlumianski the Shield-Bearer (level 4, -2/40 HPs)
             Began as a Palentonga Fighter on Feb 11, 2021.
             Slain by a gnoll
             ... wielding a +0 halberd
              (11 damage)
             ... on level 3 of the Dungeon.
             The game lasted 00:06:26 (2055 turns).

jlumianski the Shield-Bearer (Palentonga Fighter)   Turns: 2055, Time: 00:06:26

Health: -2/40      AC:  7    Str: 21    XL:     4   Next: 47%
Magic:  4/4        EV:  5    Int:  8    God:
Gold:   111        SH:  9    Dex:  9    Spells: 3/3 levels left

rFire    . . .     SeeInvis +   a - +0 war axe
rCold    . . .     Faith    .   c - +0 kite shield
rNeg     . . .     Spirit   .   b - +0 scale mail
rPois    .         Reflect  .   (no helmet)
rElec    .         Harm     .   q - +0 cloak
rCorr    .         Rampage  .   (no gloves)
Will     .....                  (no barding)
Stlth    ..........             (no amulet)
HPRegen  0.13/turn              (no ring)
MPRegen  0.09/turn              (no ring)

@: no status effects
A: large, rugged brown scales 3, see invisible, deformed body, roll 1, armoured
tail
a: Rolling Charge


You were on level 3 of the Dungeon.
You visited 1 branch of the dungeon, and saw 3 of its levels.

You collected 111 gold pieces.

Inventory:

Hand Weapons
 a - a +0 war axe (weapon)
 n - a +4 quarterstaff of chaos
Missiles
 l - 35 stones (quivered)
 r - a throwing net
 s - 7 curare-tipped darts
Armour
 b - a +0 scale mail (worn)
 c - a +0 kite shield (worn)
 q - a +0 cloak (worn)
Jewellery
 p - a cursed ring of teleportation
Scrolls
 f - 2 scrolls of fear {unknown}
 g - 6 scrolls of identify
 h - a scroll of teleportation
 i - a scroll of enchant armour {unknown}
 j - a scroll of fog {unknown}
 k - 2 scrolls of enchant weapon {unknown}
 m - a scroll of magic mapping {unknown}
 o - 2 scrolls of remove curse {unknown}
 t - a scroll of blinking {unknown}
Potions
 d - a potion of might
 e - a potion of mutation
 u - a potion of flight {unknown}


   Skills:
 + Level 3.2 Fighting
 + Level 3.0 Axes
 + Level 2.8 Armour
 + Level 0.4 Dodging
 + Level 3.3 Shields


You had 3 spell levels left.
You didn't know any spells.
Your spell library was empty.

Dungeon Overview and Level Annotations

Branches:
Dungeon (3/15)

Altars:
Nemelex Xobeh


Innate Abilities, Weirdness & Mutations

You are completely covered in rugged brown scales. (AC +3, +7% HP)
You have supernaturally acute eyesight. (SInv)
Armour fits poorly on your strangely shaped body.
You can roll at nearby foes to attack.
You have a long armoured tail.


Message History

You hit the gnoll.
You kill the gnoll!
You closely miss the gnoll. You hit the gnoll.
You kill the gnoll!
The gnoll hits you with a +0 halberd. The gnoll hits you with a +0 halberd!
Your Axes skill increases to level 3!
You see here a +0 whip.
You block the gnoll's attack. You block the gnoll's attack.
You closely miss the gnoll.
The gnoll is heavily wounded.
The gnoll hits you with a +0 halberd!
* * * LOW HITPOINT WARNING * * *
You hit the gnoll.
The gnoll is heavily wounded.
You block the gnoll's attack.
You hit the gnoll.
The gnoll is heavily wounded.
You block the gnoll's attack. The gnoll hits you with a +0 halberd!
You die...

##### #
##g@.##...#
#.)........
#...........
#...........
#...........
##..........
#....##....
#.##.. #...
#.# #.# ...


You could see a gnoll.

Vanquished Creatures
  Crazy Yiuf (D:2)
  2 gnolls (D:3)
  2 adders (D:2)
  2 giant cockroaches (D:2)
  6 goblins
  5 hobgoblins (D:1)
  4 jackals (D:1)
  6 bats
  2 frilled lizards
  A kobold (D:1)
  5 rats
36 creatures vanquished.

Notes
Turn   | Place    | Note
-------+----------+-------------------------------------------
     0 | D:1      | jlumianski the Palentonga Fighter began the quest for the
                  | Orb.
     0 | D:1      | Reached XP level 1. HP: 20/20 MP: 1/1
    65 | D:2      | Reached XP level 2. HP: 21/27 MP: 2/2
   719 | D:1      | Reached XP level 3. HP: 33/33 MP: 3/3
  1183 | D:2      | Found a sparkling altar of Nemelex Xobeh.
  1408 | D:2      | Found a runed translucent door.
  1409 | D:2      | Noticed Crazy Yiuf
  1736 | D:2      | Killed Crazy Yiuf
  1737 | D:2      | Reached XP level 4. HP: 14/40 MP: 1/4
  2055 | D:3      | Slain by a gnoll

Illustrated notes

Levels and vault maps discovered:
D:1:      minmay_arrival_semitransparent, layout_basic
D:2:      layout_basic, nemelex_xobeh_ov_fountains_minmay,
          uniq_crazy_yiuf_cottage
D:3:      layout_rooms, chequers_ecumenical_altar_island, uniq_jessica

Skill      XL: |  1  2  3  4 |
---------------+-------------+-----
Shields        | 3 |  3.3
Axes           | 3 |  3.0
Fighting       | |  3.2
Armour         | |  2.8
Dodging        | |  0.4

Action                   |  1- 3 |  4- 6 || total
-------------------------+-------+-------++-------
Melee: War axe           |    89 |    10 ||    99
       Tailslap          |    10 |     1 ||    11
Throw: Stone             |     3 |       ||     3
 Abil: Rolling Charge    |    12 |       ||    12
  Use: Potion            |     3 |       ||     3
       Scroll            |     2 |     1 ||     3
Armor: Scale mail        |    47 |     3 ||    50
Dodge: Dodged            |    21 |     3 ||    24
Block: Kite shield       |    51 |     5 ||    56
